 Dungeon Crawl Stone Soup version 0.27.1-1-g398f81649c (webtiles) character file.

Game seed: 17508426063885876604

10871 VictoriousLee the Carver (level 11, -4/75 HPs)
             Began as a Barachi Fighter on Sept 8, 2021.
             Was a Priest of Vehumet.
             Slain by Snorg (15 damage)
             ... on level 10 of the Dungeon on Sept 9, 2021.
             The game lasted 00:53:50 (12268 turns).

VictoriousLee the Carver (Barachi Fighter)         Turns: 12268, Time: 00:53:50

Health: -4/75      AC: 16    Str: 23    XL:     11   Next: 68%
Magic:  3/21       EV: 10    Int: 13    God:    Vehumet [***...]
Gold:   341        SH:  4    Dex: 13    Spells: 13/24 levels left

rFire    + . .     SeeInvis .   a - +1 long sword (flame)
rCold    . . .     Faith    .   k - +0 buckler {AC+3}
rNeg     . . .     Spirit   .   y - +3 ring mail of the Valley {rC+ Str+3 Int+5}
rPois    .         Reflect  .   j - +0 helmet
rElec    .         Harm     .   f - +1 cloak
rCorr    .         Rampage  .   (no gloves)
Will     +....                  C - +0 pair of boots
Stlth    +.........             (no amulet)
HPRegen  0.22/turn              p - ring of willpower
MPRegen  0.17/turn              x - ring of fire

@: about to teleport, unable to hop, slow
A: amphibious, slowness 1, strong legs 1, +LOS
a: Hop, Renounce Religion


You were on level 10 of the Dungeon.
You worshipped Vehumet.
Vehumet was most pleased with you.
You visited 2 branches of the dungeon, and saw 11 of its levels.
You also visited: Bailey.

You collected 571 gold pieces.
You spent 230 gold pieces at shops.

Inventory:

Hand Weapons
 a - a +1 long sword of flaming (weapon)
 h - a +2 war axe of venom
 u - a +0 falchion
 A - a +0 war axe
 D - the +7 lajatang of Order {silver, rMut}
   (You took it off a gnoll in a bailey)

   It inflicts extra damage upon those it strikes, and deals substantially
   increased damage to chaotic, mutated and magically transformed beings.
   rMut:      It protects you from mutation.
Missiles
 l - 25 boomerangs
 q - 6 poisoned darts
Armour
 b - a +0 scale mail
 c - a +0 kite shield
 f - a +1 cloak (worn)
 g - a +0 chain mail
 j - a +0 helmet (worn)
 k - a +0 buckler of protection (worn)
 y - the +3 ring mail of the Valley (worn) {rC+ Str+3 Int+5}
   (You took it off an orc on level 7 of the Dungeon)

   Str:       It affects your strength (+3).
   Int:       It affects your intelligence (+5).
   rC:        It protects you from cold.
 B - a +2 robe of willpower
 C - a +0 pair of boots (worn)
 H - a +0 troll leather armour
Jewellery
 p - a ring of willpower (left hand)
 x - a ring of fire (right hand)
 z - a ring of magical power
 F - a ring of ice
Wands
 m - a wand of mindburst (1)
 w - a wand of flame (33)
Scrolls
 e - a scroll of enchant armour
 r - 2 scrolls of teleportation
 s - 2 scrolls of torment
 t - a scroll of silence
 E - a scroll of immolation {unknown}
Potions
 d - a potion of attraction
 i - 2 potions of brilliance
 n - a potion of mutation
 o - a potion of magic {unknown}
 v - a potion of curing
 G - a potion of haste


   Skills:
 - Level 3.6 Fighting
 - Level 14.0 Long Blades
 - Level 3.6 Armour
 - Level 3.2 Shields
 - Level 7.0 Spellcasting
 - Level 7.0 Conjurations
 + Level 10.5 Fire Magic


You had 13 spell levels left.
You knew the following spells:

 Your Spells              Type           Power      Damage    Failure   Level
a - Magic Dart            Conj           88%        1d7       1%          1
b - Sticky Flame          Conj/Fire      41%        2d6       1%          4
f - Fireball              Conj/Fire      20%        3d10      5%          5
s - Shock                 Conj/Air       52%        1d6       1%          1

Your spell library contained the following spells:

 Spells                   Type           Power      Damage    Failure   Level
 Freeze                   Ice            16%        1d4       7%          1
 Fulminant Prism          Conj/Hex       6%         3d7       16%         4
 Hailstorm                Conj/Ice       13%        3d5       16%         4
 Iskenderun's Mystic Bla  Conj/Tloc      13%        2d5       16%         4
 Bolt of Magma            Conj/Fire/Erth 14%        4d8       17%         5
 Frozen Ramparts          Ice            8%         1d2       19%         3
 Animate Skeleton         Necr           8%         N/A       26%         1
 Apportation              Tloc           8%         N/A       26%         1
 Corona                   Hex            4%         N/A       26%         1
 Summon Small Mammal      Summ           16%        N/A       26%         1
 Starburst                Conj/Fire      20%        6d7       26%         6
 Lee's Rapid Deconstruct  Erth           2%         3d5*      83%         5
 Leda's Liquefaction      Hex/Erth       2%         N/A       94%         4
 Petrify                  Tmut/Erth      4%         N/A       94%         4
 Ignition                 Fire           23%        3d8       99%         8
 Metabolic Englaciation   Hex/Ice        2%         N/A       100%        5
 Statue Form              Tmut/Erth      2%         N/A       100%        6


Dungeon Overview and Level Annotations

Branches:
Dungeon (10/15)            Temple (1/1) D:7            Lair (0/6) D:9
 Bailey (visited)
    Orc: D:9-12

Altars:
Ashenzari
Cheibriados
Dithmenos
Elyvilon
Fedhas
Gozag
Hepliaklqana
Kikubaaqudgha
Makhleb
Nemelex Xobeh
Okawaru
Qazlal
Ru
Sif Muna
Trog
Uskayaw
Vehumet
Wu Jian
Xom
Yredelemnul
Zin
The Shining One

Shops:
D:3 ?   D:6 *

Annotations:
D:10 Snorg


Innate Abilities, Weirdness & Mutations

You are amphibious.
You cover ground slowly.
You can hop short distances.
You have an extended range of vision and can be seen from far away.


Message History

Press: ? - help, Shift-Dir - straight line, f - orc
Aim: an orc, wielding a +0 falchion You feel a surge of power!
The fireball explodes!
The fireball engulfs the orc!
You kill the orc!
Vehumet accepts your kill.
You feel your power returning.
You hear a shout!
Snorg shouts!
You hit Snorg. You burn Snorg.
Snorg is lightly wounded.
Snorg goes berserk!
You see here a +0 war axe.
An orc comes into view. It is wielding a +0 whip.
You see here a +0 club.
Casting: Fireball (dangerous; 5% risk of failure)
Confirm with . or Enter, or press ? or * to list all spells.
Okay, then.
Hop to where?
Press: ? - help, Dir - move target Boing!
You hear a shout!
Okay, then.
Casting: Fireball (dangerous; 5% risk of failure)
Confirm with . or Enter, or press ? or * to list all spells.
Okay, then.
Casting: Fireball (dangerous; 5% risk of failure)
Confirm with . or Enter, or press ? or * to list all spells.
Aiming: Sticky Flame (dangerous; 1% risk of failure)
Press: ? - help, Shift-Dir - straight line, f - Snorg
Aim: Snorg (berserk, 100% to hit)
You feel a surge of power!
The sticky flame hits Snorg.
Snorg is lightly wounded.
Snorg is covered in liquid flames!
Snorg burns!
Snorg bites you!! Snorg barely misses you. Snorg claws you but does no damage.
As you read the scroll of teleportation, it crumbles to dust.
You feel strangely unstable.
Snorg burns!
Snorg bites you!! Snorg claws you but does no damage. Snorg claws you!
* * * LOW HITPOINT WARNING * * *
Snorg barely misses you. Snorg claws you but does no damage. Snorg claws you!
You die...

##.............#############
#>.............##..........#
##..............##...........
.#..............#....}......#
...........................
.........................##
##........................#
#.......###.####.........#.#
#..............@T.)°........
#.........##)))o#).......###
##.≈≈≈≈≈..)).<###.........#
...≈...≈.)#######.###..)..#
...≈>∩.≈...#####......#.#...
.#.≈..[≈.).##.....##....# ##.
##.≈≈≈≈≈..........)..##..#
..............#.###..# #o#
###.....#...#...# #..# ..


You could see Snorg (berserk, burning) and an orc wizard.

Vanquished Creatures
  Josephine (D:10)
  An orc knight (Bailey)
  Maurice (D:8)
  A gargoyle (D:10)
  A troll (D:9)
  Grinder (D:2)
  A hornet (D:9)
  A vampire (D:10)
  13 yaks
  A wyvern (D:8)
  5 wraiths
  3 steam dragons
  Menkaure (D:4)
  2 water moccasins
  A sky beast (D:5)
  Duvessa (D:7)
  An ice beast (D:7)
  3 black bears
  12 orc warriors
  A necrophage (D:7)
  3 ogres
  3 centaurs
  6 bullfrogs
  A wyvern zombie (D:8)
  3 scorpions
  Dowan (D:7)
  4 killer bees (D:9)
  5 wights (D:6)
  4 jellies
  2 bullfrog zombies
  2 centaur zombies
  3 hounds
  A centaur skeleton (D:5)
  10 orc priests
  3 bullfrog skeletons
  2 iguanas
  16 orc wizards
  2 hound skeletons (D:4)
  5 adders
  15 gnolls
  2 white imps
  3 ufetubi
  A worm (D:3)
  A dart slug (D:2)
  61 orcs
  5 ball pythons
  3 endoplasms
  3 giant cockroaches
  24 goblins
  21 hobgoblins
  2 jackals (D:1)
  2 quokkas
  6 bats
  4 kobolds
  11 rats
292 creatures vanquished.

Vanquished Creatures (others)
  A rat (D:3)
  5 plants (D:2)
6 creatures vanquished.

Grand Total: 298 creatures vanquished

Notes
Turn   | Place    | Note
-------+----------+-------------------------------------------
     0 | D:1      | VictoriousLee the Barachi Fighter began the quest for the
                  | Orb.
     0 | D:1      | Reached XP level 1. HP: 18/18 MP: 1/1
   100 | D:1      | Reached skill level 3 in Long Blades
   113 | D:1      | Reached XP level 2. HP: 24/24 MP: 2/2
   390 | D:1      | Found a faded altar of an unknown god.
   746 | D:2      | Reached skill level 4 in Long Blades
   818 | D:2      | Reached XP level 3. HP: 13/29 MP: 3/3
  1119 | D:2      | Found a shadowy altar of Dithmenos.
  1214 | D:2      | Reached skill level 5 in Long Blades
  1304 | D:2      | Reached XP level 4. HP: 32/36 MP: 4/4
  1708 | D:3      | Found Wylid's Magic Scroll Boutique.
  2030 | D:3      | Reached skill level 6 in Long Blades
  2030 | D:3      | Reached XP level 5. HP: 38/41 MP: 5/5
  2251 | D:3      | Noticed Grinder
  2262 | D:2      | Paralysed by Grinder for 6 turns
  2275 | D:2      | Killed Grinder
  2276 | D:2      | Reached skill level 8 in Long Blades
  2276 | D:2      | Reached XP level 6. HP: 31/47 MP: 6/6
  2733 | D:4      | Reached XP level 7. HP: 51/52 MP: 7/7
  2740 | D:4      | Reached skill level 9 in Long Blades
  2786 | D:4      | Noticed Menkaure
  2788 | D:4      | Killed Menkaure
  2899 | D:4      | Found a burning altar of Makhleb.
  2899 | D:4      | Found a glowing golden altar of the Shining One.
  2904 | D:4      | Found a faded altar of an unknown god.
  2909 | D:4      | Found an opulent altar of Gozag.
  2911 | D:4      | Found a basalt altar of Yredelemnul.
  3106 | D:4      | Reached skill level 10 in Long Blades
  3702 | D:5      | Entered Level 5 of the Dungeon
  4072 | D:5      | Reached skill level 11 in Long Blades
  4072 | D:5      | Reached XP level 8. HP: 59/59 MP: 8/8
  4468 | D:6      | Found a white marble altar of Elyvilon.
  4505 | D:6      | Reached skill level 12 in Long Blades
  4862 | D:6      | Found Ruipa's Assorted Antiques.
  4878 | D:6      | Reached skill level 13 in Long Blades
  4878 | D:6      | Reached XP level 9. HP: 54/64 MP: 9/9
  4969 | D:6      | Learned a level 5 spell: Fireball
  5011 | D:6      | Bought a glowing silvery potion for 30 gold pieces
  5011 | D:6      | Bought a red potion for 30 gold pieces
  5615 | D:7      | Reached skill level 14 in Long Blades
  5615 | D:7      | Reached skill level 1 in Conjurations
  5843 | D:7      | Found a stormy altar of Qazlal.
  5872 | D:7      | Identified the +3 ring mail of the Valley {rC+ Str+3 Int+5}
  6003 | D:7      | Noticed Duvessa
  6106 | D:7      | Noticed Dowan
  6107 | D:7      | Reached skill level 5 in Conjurations
  6119 | D:7      | Killed Duvessa
  6120 | D:7      | Reached skill level 1 in Fire Magic
  6127 | D:7      | Killed Dowan
  6348 | D:7      | Found a staircase to the Ecumenical Temple.
  6388 | D:7      | Reached XP level 10. HP: 52/70 MP: 10/10
  6396 | Temple   | Entered the Ecumenical Temple
  6656 | Temple   | Became a worshipper of Vehumet
  7335 | D:8      | Reached skill level 5 in Fire Magic
  7706 | D:8      | Reached * piety under Vehumet
  7706 | D:8      | Offered knowledge of Magic Dart by Vehumet.
  7719 | D:8      | Learned a level 1 spell: Magic Dart
  8114 | D:9      | Noticed Maurice
  8164 | D:8      | Killed Maurice
  8231 | D:9      | Found a staircase to the Lair.
  8698 | D:9      | Reached skill level 5 in Spellcasting
  8980 | D:9      | Reached XP level 11. HP: 63/75 MP: 19/21
  9510 | D:6      | Bought a scroll labelled BEKOGONORO for 34 gold pieces
  9512 | D:6      | Bought a twisted copper wand for 136 gold pieces
  9614 | D:10     | Entered Level 10 of the Dungeon
 10056 | D:10     | Found a flagged portal.
 10127 | Bailey   | Entered a bailey
 10177 | Bailey   | Reached ** piety under Vehumet
 10196 | Bailey   | Offered knowledge of Shock by Vehumet.
 10210 | Bailey   | Learned a level 1 spell: Shock
 10364 | Bailey   | Noticed an orc knight
 10406 | Bailey   | Offered knowledge of Ignite Poison by Vehumet.
 10417 | Bailey   | Killed an orc knight
 10981 | Bailey   | Reached *** piety under Vehumet
 11000 | Bailey   | Noticed an orc knight
 11073 | D:10     | Noticed Snorg
 11073 | D:10     | Noticed Josephine
 11664 | D:10     | Killed Josephine
 11665 | D:10     | Reached skill level 10 in Fire Magic
 12064 | D:10     | Offered knowledge of Sticky Flame by Vehumet.
 12070 | D:10     | Learned a level 4 spell: Sticky Flame
 12268 | D:10     | Slain by Snorg

Illustrated notes

Levels and vault maps discovered:
D:1:      scummos_arrival_forest, layout_basic, basic_ecumenical_altar,
          serial_bayou_pond_d, chequers_decorated_corner,
          minmay_misc_feat_square, chequers_serial_rivers_small_3,
          minmay_pentomino_o2
D:2:      layout_basic, basic_altar, serial_bayou_lake_a
D:3:      layout_rooms, serial_shops, shop, lemuel_old_faithful, uniq_grinder
D:4:      layout_gridville, chequers_temple_overflow_minitemple,
          nrook_mini_vaults, minmay_misc_feat_encased, uniq_menkaure
D:5:      layout_rooms
D:6:      layout_basic, nicolae_elyvilon_peaceful_grove, serial_shops,
          nicolae_shop_overgrown_old_shop, minmay_a_box_with_orc_wizards_in_it
D:7:      layout_basic, nicolae_qazlal_style_of_elements,
          minmay_temple_entry_grid, uniq_duvessa
D:8:      layout_loops_ring, special_room [special_room_orc]
D:9:      layout_roguey, lair_entry_dummy, uniq_maurice
D:10:     layout_rooms, hiddenorc2_lemuel, enter_bailey_5, uniq_snorg,
          uniq_josephine
Temple:   eino_temple_rhombus

Skill      XL: |  1  2  3  4  5  6  7  8  9 10 11 |
---------------+----------------------------------+-----
Long Blades    | 3 4 5 6 8 11 13 14 | 14.0
Conjurations   | 5 7 |  7.0
Fire Magic     | 3 6 10 | 10.5
Spellcasting   | 6 7 |  7.0
Fighting       | |  3.6
Armour         | |  3.6
Shields        | |  3.2

Action                   |  1- 3 |  4- 6 |  7- 9 | 10-12 || total
-------------------------+-------+-------+-------+-------++-------
Melee: Long sword        |    73 |    85 |   369 |   639 ||  1166
Throw: Dart              |       |       |     6 |     8 ||    14
       Boomerang         |       |       |       |     1 ||     1
 Cast: Fireball          |       |       |       |    17 ||    17
       Sticky Flame      |       |       |       |     2 ||     2
 Abil: Hop               |       |       |     1 |     3 ||     4
Evoke: Wand              |       |       |     7 |     9 ||    16
  Use: Scroll            |     5 |     4 |     9 |     3 ||    21
       Potion            |       |     1 |     1 |     8 ||    10
Armor: Scale mail        |    36 |       |       |       ||    36
       Chain mail        |     8 |    46 |   138 |       ||   192
       Ring mail         |       |       |    32 |   152 ||   184
       Skin              |       |       |       |    19 ||    19
Dodge: Dodged            |    18 |    19 |    87 |   185 ||   309
Block: Kite shield       |    36 |       |       |       ||    36
       Buckler           |     1 |    16 |    60 |    70 ||   147
       Rpst.: Long sword |     5 |     3 |    22 |    71 ||   101
